 Dungeon Crawl Stone Soup version 0.29-a0-362-g5854e031c7 (webtiles) character file.

Game seed: 11520537719560376242

90 Morbidden the Skirmisher (level 4, -1/33 (37) HPs)
             Began as a Demonspawn Fighter on Apr 29, 2022.
             Was an Initiate of Gozag.
             Slain by a wight
             ... wielding a +0 halberd
              (2 damage)
             ... on level 6 of the Dungeon.
             The game lasted 00:02:02 (2791 turns).

Morbidden the Skirmisher (Demonspawn Fighter)       Turns: 2791, Time: 00:02:02

HP:   -1/33 (37)    AC:  8    Str: 24    XL:     4   Next: 32%
MP:   5/5           EV: 10    Int: 10    God:    Gozag
Gold: 209           SH:  5    Dex: 12    Spells: 5/5 levels left

rFire   . . .      SeeInvis .     - Unarmed
rCold   . . .      Faith    .   (no shield)
rNeg    . . .      Spirit   .   b - +0 scale mail
rPois   .          Reflect  +   (no helmet)
rElec   .          Harm     .   j - +1 cloak
rCorr   .          Rampage  .   (no gloves)
Will    .....                   (no boots)
Stlth   ..........              p - amulet of reflection
HPRegen 0.11/turn               i - +6 ring of strength
MPRegen 0.09/turn               (no ring)

@: heavily drained
A: claws 2
a: Renounce Religion, Potion Petition, Call Merchant, Bribe Branch


You were on level 6 of the Dungeon.
You worshipped Gozag.
Gozag was aware of your devotion.
You visited 1 branch of the dungeon, and saw 4 of its levels.

You collected 209 gold pieces.

Inventory:

Armour
 b - a +0 scale mail (worn)
 j - a +1 cloak (worn)
Jewellery
 e - an amulet of magic regeneration
 i - a +6 ring of strength (left claw)
 p - an amulet of reflection (around neck)
Scrolls
 c - a scroll of immolation {unknown}
 f - 3 scrolls of identify {unknown}
 k - 3 scrolls of fear {unknown}
 m - a scroll of silence {unknown}
 n - 2 scrolls of blinking {unknown}
 o - a scroll of teleportation {unknown}
 q - a scroll of brand weapon {unknown}
 r - a scroll of torment {unknown}
Potions
 a - a potion of curing {unknown}
 d - 3 potions of might
 g - 2 potions of degeneration {unknown}
 h - 2 potions of lignification {unknown}
 l - a potion of brilliance {unknown}


   Skills:
 * Level 3.7 Fighting
 + Level 2.0 Axes
 + Level 3.0 Armour
 * Level 0.9 Dodging
 - Level 2.6 Shields
 * Level 1.6 Unarmed Combat
 * Level 1.1 Spellcasting


You had 5 spell levels left.
You didn't know any spells.
Your spell library contained the following spells:

 Spells                   Type           Power      Damage    Failure   Level
 Animate Skeleton         Necr           0%         N/A       63%         1
 Apportation              Tloc           0%         N/A       63%         1
 Summon Small Mammal      Summ           0%         N/A       63%         1
 Blade Hands              Tmut           0%         N/A       100%        5
 Irradiate                Conj/Tmut      0%         3d13      100%        5
 Dragon Form              Tmut           0%         N/A       100%        7
 Malign Gateway           Summ/Tloc      0%         N/A       100%        7
 Summon Horrible Things   Summ           0%         N/A       100%        8


Dungeon Overview and Level Annotations

Branches:
Dungeon (3/15)

Altars:
Gozag


Innate Abilities, Weirdness & Mutations

You have very sharp fingernails.


Message History

No target in view!
No target in view!
No target in view!
No target in view!
No target in view!
No target in view!
No target in view!
No target in view!
HP restored.
A sourceless malevolence fills the Dungeon...
You fall into a shaft and drop 3 floors!
The shaft crumbles and collapses. 4 wights come into view.
Found a ring mail.
The wight barely misses you.
Unknown command.
You claw the wight!
The wight is heavily damaged.
You barely miss the wight.
The wight is heavily damaged.
You block the wight's attack. The wight hits you with a +0 war axe!
You feel drained. The wight hits you with a +0 halberd!
You feel drained.
Unknown command.
You closely miss the wight.
The wight is heavily damaged.
The wight hits you with a +0 falchion.
You feel drained. The wight closely misses you. x2
You are too injured to fight recklessly!
Unknown command.
You are too injured to fight recklessly!
Unknown command.
You are too injured to fight recklessly!
Unknown command.
You are too injured to fight recklessly!
Unknown command.
The wight attacks as you move away! The wight hits you with a +0 halberd!
* * * LOW HITPOINT WARNING * * *
You feel drained.
You die...
Your body crumbles into a pile of gold.

............#
............#
............#
............#
............#
............#
..........[.#
#.......z..#
####...@zz.#
#..##z.## ##.
### # $


You could see 4 wights.

Vanquished Creatures
  3 adders
  2 worms (D:2)
  A dart slug (D:1)
  10 ball pythons
  4 bats
  7 endoplasms
  3 giant cockroaches
  3 goblins
  9 hobgoblins
  A kobold (D:1)
  A quokka (D:1)
  2 frilled lizards
  5 rats
51 creatures vanquished.

Notes
Turn   | Place    | Note
-------+----------+-------------------------------------------
     0 | D:1      | Morbidden the Demonspawn Fighter began the quest for the
                  | Orb.
     0 | D:1      | Reached XP level 1. HP: 18/18 MP: 1/1
   751 | D:1      | Gained mutation: You have sharp fingernails. [demonic
                  | ancestry]
   751 | D:1      | Reached XP level 2. HP: 23/24 MP: 2/2
  1577 | D:2      | Reached XP level 3. HP: 25/29 MP: 3/3
  1646 | D:2      | Found a faded altar of an unknown god.
  1659 | D:2      | Reached skill level 1 in Unarmed Combat
  1663 | D:2      | Prayed at the altar of an unknown god.
  1663 | D:2      | Became a worshipper of Gozag Ym Sagoz the Greedy
  1988 | D:2      | Reached skill level 1 in Spellcasting
  2328 | D:2      | Gained mutation: You have very sharp fingernails. [demonic
                  | ancestry]
  2328 | D:2      | Reached XP level 4. HP: 37/37 MP: 5/5
  2756 | D:3      | Identified the +4 war axe "Stringbean" {pain, Str-3 Int+7
                  | Stlth+}
  2786 | D:3      | You fall into a shaft and drop 3 floors!
  2791 | D:6      | HP: 1/34 [wight/+0 halberd (10)]
  2791 | D:6      | Slain by a wight

Illustrated notes

Levels and vault maps discovered:
D:1:      minmay_arrival_four_circles, layout_loops_corners
D:2:      minmay_general_purpose_star, layout_basic,
          nicolae_ecumenical_snake_handling
D:3:      layout_rooms, minmay_misc_feat_rugged
D:6:      hellmonk_crumbling_castle, layout_cave_pods, serial_shops,
          nicolae_square_shop, uniq_duvessa, uniq_menkaure, uniq_blork_the_orc

Skill      XL: |  1  2  3 |
---------------+----------+-----
Axes           | 2 |  2.0
Unarmed Combat | 1 |  1.6
Armour         | 3 |  3.0
Spellcasting   | 1 |  1.1
Fighting       | |  3.7
Dodging        | |  0.9
Shields        | |  2.6

Action                   |  1- 3 |  4- 6 || total
-------------------------+-------+-------++-------
Melee: War axe           |    25 |       ||    25
       Unarmed           |   132 |    27 ||   159
       Punch             |       |     1 ||     1
Armor: Scale mail        |    85 |     5 ||    90
Dodge: Dodged            |   113 |    11 ||   124
Block: Buckler           |     6 |       ||     6
       Other             |     1 |     4 ||     5

Table legend: (Time is in decaauts)
 A = Elapsed time spent in this place.
 B = Non-inter-level travel time spent in this place.
 C = Inter-level travel time spent in this place.
 D = Time resting spent in this place.
 E = Time spent auto-exploring this place.
 F = Levels seen in this place.
 G = Mean time per level.
                   A        B        C        D        E       F      G
               +--------+--------+--------+--------+--------+-----+--------+
         Total |   2799 |   2754 |     45 |    474 |   1853 |   4 |  699.8 |
       Dungeon |   2799 |   2754 |     45 |    474 |   1853 |   4 |  699.8 |
               +--------+--------+--------+--------+--------+-----+--------+

Top non-repeatable levels by time:
     D:1: 1577 daAuts
     D:2: 1176 daAuts
     D:3: 41 daAuts
     D:6: 4 daAuts
